AoeStats
← TheAxSkirm

Arena

509159239Analyzed
4v4 RM · 7d ago on Sep 25, 2026· 48m 41s· 8 players
Game mode
Random Map
Map size
Large (8 player)
Population
200
Speed
Normal
Resources
Standard
Victory
Conquest
Starting age
Dark Age
Ending age
Imperial Age
RankedLock teamsTeams togetherTeam positionsShared explorationLock speedFull tech treeHidden civsTurbo modeCheats
Victory
Defeat
🇹🇷 Italians · Türkiye
1176
+15
🇩🇰 Spanish · Denmark
1165
+15
🇫🇷 Huns · France
1137
+16
🇹🇷 Persians · Türkiye
1120
+17
🇺🇸 Armenians · United States
1173
-17
🇩🇪 Celts · Germany
1166
-17
🇧🇩 Portuguese · Bangladesh
1119
-15
🇫🇷 Britons · France
1112
-14
İştirakî
12:31 Feudal Age
13:04 Double-Bit Axe
13:01 Horse Collar
18:18 Castle Age
17:30 Forging
17:32 Scale Barding Armor
17:42 Bloodlines
18:39 Scale Barding Armor
19:19 Wheelbarrow
20:28 Fletching
21:31 Bow Saw
21:26 Heavy Plow
22:13 Padded Archer Armor
23:12 Elite Skirmisher
28:45 Leather Archer Armor
29:43 Iron Casting
31:06 Chain Barding Armor
33:29 Husbandry
34:19 Bodkin Arrow
35:39 Hand Cart
38:08 Ballistics
43:46 Imperial Age
41:49 Gold Mining
43:28 Gold Shaft Mining
44:29 Conscription
43:32 Cavalier
46:08 Blast Furnace
45:43 Plate Barding Armor
45:22 Savar
TheAxSkirm
10:52 Feudal Age
15:01 Castle Age
13:20 Double-Bit Axe
13:21 Horse Collar
23:15 Atonement
29:32 Wheelbarrow
33:02 Imperial Age
30:32 Loom
31:19 Bloodlines
34:52 Scale Barding Armor
34:39 Fletching
35:01 Forging
35:18 Bow Saw
34:44 Cavalier
38:16 Sanctity
41:03 Husbandry
41:25 Chain Barding Armor
41:42 Iron Casting
42:30 Two-Man Saw
41:38 Heavy Plow
45:04 Paladin
45:35 Capped Ram
47:34 Siege Ram
† Yatugrat †
10:54 Feudal Age
11:51 Horse Collar
11:58 Double-Bit Axe
17:42 Castle Age
18:39 Heavy Plow
18:51 Bow Saw
18:34 Gold Mining
25:16 Imperial Age
24:26 Elite Skirmisher
25:10 Padded Archer Armor
25:01 Fletching
27:09 Chemistry
27:03 Leather Archer Armor
27:39 Pikeman
29:44 Bodkin Arrow
30:20 Ring Archer Armor
33:12 Wheelbarrow
32:24 Town Watch
36:41 Bracer
42:43 Conscription
Iced0ux
11:36 Feudal Age
12:37 Double-Bit Axe
16:16 Castle Age
15:48 Horse Collar
17:47 Bow Saw
24:48 Forging
24:47 Gold Mining
24:59 Heavy Plow
24:27 Light Cavalry
26:40 Loom
27:32 Wheelbarrow
29:17 Gold Shaft Mining
29:21 Iron Casting
28:52 Scale Barding Armor
29:05 Hand Cart
28:35 Town Watch
29:35 Husbandry
29:48 Bloodlines
32:15 Imperial Age
29:46 Town Patrol
29:59 Marauders
30:22 Stone Mining
31:06 Ballistics
31:12 Chain Barding Armor
30:43 Fletching
32:20 Elite Tarkan
33:20 Conscription
34:06 Blast Furnace
33:42 Plate Barding Armor
34:54 Chemistry
34:31 Hussar
35:24 Bodkin Arrow
35:29 Padded Archer Armor
36:57 Elite Skirmisher
37:44 Bracer
38:07 Heavy Cavalry Archer
39:13 Parthian Tactics
CharlesKap
0:53 Loom
11:00 Feudal Age
11:07 Feudal Age
11:13 Feudal Age
14:26 Wheelbarrow
17:09 Castle Age
15:57 Double-Bit Axe
16:25 Horse Collar
17:26 Gold Mining
18:48 Bow Saw
20:51 Fletching
22:53 Heavy Plow
24:07 Bodkin Arrow
24:51 Padded Archer Armor
31:45 Imperial Age
30:12 Leather Archer Armor
32:25 Scale Barding Armor
33:24 Forging
33:46 Bracer
34:04 Treadmill Crane
35:34 Gold Shaft Mining
35:45 Ballistics
38:01 Iron Casting
39:09 Chain Barding Armor
39:05 Pikeman
41:09 Scale Mail Armor
41:35 Hand Cart
40:56 Light Cavalry
41:37 Husbandry
Dany Sahne
10:11 Feudal Age
12:01 Loom
15:17 Castle Age
13:38 Double-Bit Axe
13:33 Horse Collar
16:36 Town Watch
17:04 Bow Saw
25:18 Devotion
25:32 Fervor
29:49 Imperial Age
29:05 Pikeman
30:10 Forging
30:00 Scale Mail Armor
31:05 Halberdier
32:06 Heavy Plow
32:56 Capped Ram
37:19 Chain Mail Armor
38:29 Man-at-Arms
38:55 Gambesons
39:57 Plate Mail Armor
39:10 Long Swordsman
41:01 Iron Casting
40:01 Two-Handed Swordsman
BigOleChunguss
11:08 Feudal Age
15:10 Castle Age
13:25 Horse Collar
15:26 Double-Bit Axe
15:29 Loom
17:06 Man-at-Arms
19:56 Long Swordsman
22:12 Gold Mining
22:38 Bow Saw
23:34 Wheelbarrow
25:22 Hand Cart
27:35 Fletching
31:00 Imperial Age
28:47 Stone Mining
29:17 Treadmill Crane
29:59 Ballistics
29:50 Masonry
29:52 Heavy Plow
30:32 Gold Shaft Mining
30:21 Padded Archer Armor
30:16 Bodkin Arrow
31:33 Leather Archer Armor
31:03 Elite Composite Bowman
32:07 Bracer
32:38 Ring Archer Armor
32:43 Conscription
33:37 Chemistry
35:11 Fortified Wall
ImranAOE
11:27 Feudal Age
15:30 Castle Age
13:34 Double-Bit Axe
13:31 Horse Collar
16:21 Heavy Plow
16:48 Bow Saw
22:53 Loom
29:44 Imperial Age
28:30 Ballistics
28:21 Masonry
28:06 Fletching
29:51 Bodkin Arrow
29:52 Elite Organ Gun
31:47 Chemistry
31:38 Siege Engineers
35:41 Arquebus
43:15 Forging
43:11 Scale Barding Armor
44:06 Bloodlines
43:57 Husbandry
43:17 Cavalier
45:04 Iron Casting
44:50 Chain Barding Armor
46:44 Blast Furnace
47:24 Plate Barding Armor
47:28 Light Cavalry
Connection lost

Rejoining the realm…

Still unreachable

The connection could not be restored.

Session expired

The server has moved on; the page needs a fresh start.